 Dungeon Crawl Stone Soup version 0.18.1-5-g4a78601 (webtiles) character file.

21 dracos369 the Poker (level 2, 0/23 HPs)
             Began as a Merfolk Skald on May 13, 2016.
             Slain by a rat (1 damage)
             ... on level 1 of the Dungeon.
             The game lasted 00:02:54 (820 turns).

dracos369 the Poker (Merfolk Skald)                  Turns: 820, Time: 00:02:56

Health: 0/23       AC:  3    Str: 12    XL:     2   Next: 87%
Magic:  3/5        EV: 11    Int: 11    God:
Gold:   107        SH:  0    Dex: 13    Spells: 2 memorised, 2 levels left

rFire  . . .     SeeInvis .     a - +0 spear
rCold  . . .     Gourm    .     b - +0 leather armour
rNeg   . . .     Faith    .     (no shield)
rPois  .         Spirit   .     (no helmet)
rElec  .         Dismiss  .     (no cloak)
rCorr  .         Reflect  .     (no gloves)
SustAt .         Harm     .     (no boots)
MR     +....                    (no amulet)
Stlth  +.........               (no ring)
                                e - ring of protection from magic

@: very slightly contaminated, somewhat resistant to hostile enchantments, very
unstealthy
A: change form in water, swift swim
a: no special abilities


You were on level 1 of the Dungeon.
You were not hungry.

You visited 1 branch of the dungeon, and saw 1 of its levels.

You collected 107 gold pieces.

Inventory:

Hand Weapons
 a - a +0 spear (weapon)
Armour
 b - a +0 leather armour (worn)
Jewellery
 e - a ring of protection from magic (left hand)
Scrolls
 f - a scroll of recharging
 g - a scroll of fog {unknown}
 l - a scroll of identify
Potions
 h - a potion of mutation {unknown}
 j - a potion of degeneration {unknown}
 k - a potion of haste {unknown}
Books
 c - a book of Battle

   Spells                             Type                      Level
   a - Infusion                       Charms                       1
   b - Shroud of Golubria             Charms/Translocation         2
   c - Song of Slaying                Charms                       2
   d - Spectral Weapon                Hexes/Charms                 3
   e - Regeneration                   Charms/Necromancy            3
Comestibles
 d - 2 bread rations
 i - 5 chunks of flesh


   Skills:
 - Level 2.4 Fighting
 + Level 4.1 Polearms
 - Level 0.7 Armour
 - Level 1.3 Dodging
 - Level 2.0 Spellcasting
 - Level 3.5 Charms


You had 2 spell levels left.
You knew the following spells:

 Your Spells              Type           Power        Failure   Level  Hunger
a - Infusion              Chrm           #...         10%         1    ##.....
b - Shroud of Golubria    Chrm/Tloc      #.........   30%         2    ###....


Dungeon Overview and Level Annotations

Branches:
Dungeon (1/15)

Altars:


Message History

You closely miss the kobold.
The kobold is moderately wounded.
The kobold barely misses you.
You hit the kobold.
The kobold is severely wounded.
The kobold hits you but does no damage.
You hit the kobold.
You kill the kobold!
The rat bites you.
* * * LOW HITPOINT WARNING * * *
You hit the rat but do no damage. The rat bites you but does no damage.
You hit the rat but do no damage. The rat misses you.
You hit the rat.
The rat is severely wounded.
The rat bites you.
* * * LOW HITPOINT WARNING * * *
You closely miss the rat.
The rat is severely wounded.
The rat bites you.
You die...

##....#
#......##.##.##...#
##....#
#.#.....#.........#
....###
###........#####....#
....# ##>.........#
#....# ....#
#..##.......# ##.#.#
...##
######.#........##
.###
#.....?!(.).....##
...
#......(.)r......#
....
.=.....###@......#
.... .......
#.......# .......
##.....## ..(....
##...## ....... #####
....... .......


You could see a rat.

Vanquished Creatures
  A dart slug (D:1)
  4 giant cockroaches (D:1)
  3 goblins (D:1)
  4 hobgoblins (D:1)
  2 bats (D:1)
  A kobold (D:1)
  2 rats (D:1)
17 creatures vanquished.

Notes
Turn   | Place    | Note
--------------------------------------------------------------
     0 | D:1      | dracos369 the Merfolk Skald began the quest for the Orb.
     0 | D:1      | Reached XP level 1. HP: 16/16 MP: 3/3
     2 | D:1      | Noticed a naga
     4 | D:1      | Noticed a tengu
     6 | D:1      | Noticed a spriggan
     6 | D:1      | Noticed a dwarf
     8 | D:1      | Noticed an elf
     8 | D:1      | Noticed a demonspawn
    10 | D:1      | Noticed a ghoul
    10 | D:1      | Noticed a formicid
    12 | D:1      | Noticed a halfling
    12 | D:1      | Noticed a demigod
    14 | D:1      | Noticed a vampire
    14 | D:1      | Noticed a draconian
    16 | D:1      | Noticed a troll
    16 | D:1      | Noticed a centaur
    18 | D:1      | Noticed an octopode
    18 | D:1      | Noticed an ogre
    21 | D:1      | Noticed a merfolk
    21 | D:1      | Noticed a human
    23 | D:1      | Noticed a vine stalker
    26 | D:1      | Noticed a gargoyle
    26 | D:1      | Noticed a minotaur
    28 | D:1      | Noticed a felid
   143 | D:1      | Reached XP level 2. HP: 18/23 MP: 5/5
   147 | D:1      | Learned a level 2 spell: Shroud of Golubria
   765 | D:1      | Reached skill level 4 in Polearms
   819 | D:1      | HP: 1/23 [rat (1)]
   820 | D:1      | Slain by a rat

Skill      XL: |  1  2 |
---------------+-------+-----
Polearms       | 4 |  4.1
Fighting       | |  2.4
Armour         | |  0.7
Dodging        | |  1.3
Spellcasting   | |  2.0
Charms         | |  3.5

Action                   || total
-------------------------++-------
Melee: Spear             ||    88
 Cast: Shroud of Golubri ||     1
       Infusion          ||     1
  Use: Scroll            ||     1
 Stab: Sleeping          ||     1
Armor: Leather armour    ||    18
Dodge: Dodged            ||    39
